 Dungeon Crawl Stone Soup version 0.25.1-2-g60ff931df9 (webtiles) character file.

Game seed: 16900318351395092660

628 Curus the Carver (level 7, 0/85 HPs)
             Began as a Minotaur Berserker on Aug 30, 2020.
             Was a Believer of Trog.
             Killed from afar by a starcursed mass (7 damage)
             ... with an accursed screaming
             ... on level 1 of the Abyss.
             The game lasted 00:13:34 (3377 turns).

Curus the Carver (Minotaur Berserker)               Turns: 3377, Time: 00:13:35

Health: 0/85       AC:  9    Str: 18 (21) XL:     7   Next: 23%
Magic:  6/6        EV:  7    Int:  5 (6)  God:    Trog [**....]
Gold:   286        SH:  0    Dex:  7 (10) Spells: 6/6 levels left

rFire    . . .     SeeInvis .   a - +1 falchion
rCold    . . .     Gourm    .   (no shield)
rNeg     . . .     Faith    .   h - +1 chain mail
rPois    .         Spirit   .   (helmet restricted)
rElec    .         Reflect  .   (no cloak)
rCorr    .         Harm     .   (no gloves)
MR       .....                  (no boots)
Stlth    ..........             e - amulet of the acrobat
HPRegen  0.24/turn              (no ring)
MPRegen  0.10/turn              (no ring)

@: berserking, very quick
A: retaliatory headbutt, horns 2
a: Berserk, Trog's Hand, Renounce Religion


You were on level 1 of the Abyss.
You worshipped Trog.
Trog was pleased with you.
You were near starving.

You visited 1 branch of the dungeon, and saw 3 of its levels.
You visited the Abyss 1 time.

You collected 286 gold pieces.

Inventory:

Hand Weapons
 a - a +1 falchion (weapon)
Armour
 b - a +0 animal skin
 d - a +0 leather armour
 h - a +1 chain mail (worn)
Jewellery
 e - an amulet of the acrobat (around neck)
Wands
 k - a wand of clouds (6)
Scrolls
 g - a scroll of remove curse
Potions
 i - a potion of flight
 j - a potion of cancellation
Comestibles
 c - 10 rations
 f - a chunk of flesh


   Skills:
 - Level 3.6 Fighting
 + Level 10.1 Long Blades
 - Level 2.4 Armour
 - Level 2.1 Dodging


You had 6 spell levels left.
You didn't know any spells.
Your spell library was empty.

Dungeon Overview and Level Annotations

Branches:
Dungeon (3/15)

Altars:
Trog


Innate Abilities, Weirdness & Mutations

You reflexively headbutt those who attack you in melee.
You have a pair of horns on your head.


Message History

You feel yourself moving faster!
You feel mighty!
You are near starving!
The starcursed mass engulfs you but does no damage.
A starcursed mass splits.
The starcursed mass engulfs you but does no damage.
The starcursed mass closely misses you. You furiously retaliate!
You headbutt the starcursed mass!
You destroy the starcursed mass!
Trog accepts your kill.
Your Long Blades skill increases to level 10!
You hit the starcursed mass.
The starcursed mass is moderately damaged.
The starcursed mass shudders and is absorbed by its neighbour.
The starcursed mass engulfs you.
* * * LOW HITPOINT WARNING * * *
You hit the starcursed mass.
The starcursed mass is lightly damaged.
The starcursed mass shudders and is absorbed by its neighbour.
A chorus of shrieks assaults your mind.
You die...

#### ## .....#
# #### ##.#.#
.. ....
##..@.## .#
#.#
#.....X.X...#
..
#.##.###.#X.##
#.. #.#.##.#
..# #...##
.### .# #...
.#. # .# ##
#.#... . # .#
. ### ## .# #.
#.#


You could see 2 starcursed masses and a large abomination.

Vanquished Creatures
  Sigmund (D:2)
  A centaur (D:2)
  4 killer bees (D:3)
  A starcursed mass (Abyss:1)
  An orc wizard (D:3)
  6 adders
  3 oozes
  5 worms
  A dart slug (D:3)
  A leopard gecko (D:1)
  7 orcs (D:3)
  5 bats
  3 giant cockroaches
  7 goblins
  8 hobgoblins
  5 jackals
  A kobold (D:2)
  A quokka (D:2)
  A ball python (D:2)
  5 frilled lizards
  6 rats
73 creatures vanquished.

Notes
Turn   | Place    | Note
-------+----------+-------------------------------------------
     0 | D:1      | Curus the Minotaur Berserker began the quest for the Orb.
     0 | D:1      | Reached XP level 1. HP: 19/19 MP: 0/0
    53 | D:1      | Reached skill level 4 in Long Blades
    53 | D:1      | Reached XP level 2. HP: 18/26 MP: 1/1
   876 | D:2      | Noticed a centaur
   877 | D:2      | Reached skill level 5 in Long Blades
   877 | D:2      | Reached XP level 3. HP: 29/31 MP: 2/2
   888 | D:2      | Killed a centaur
   888 | D:2      | Reached skill level 6 in Long Blades
   888 | D:2      | Reached XP level 4. HP: 26/39 MP: 3/3
  1286 | D:2      | Noticed Sigmund
  1305 | D:2      | Killed Sigmund
  1305 | D:2      | Reached skill level 8 in Long Blades
  1305 | D:2      | Reached XP level 5. HP: 20/45 MP: 4/4
  1305 | D:2      | Reached XP level 6. HP: 23/51 MP: 5/5
  1930 | D:2      | Reached ** piety under Trog
  2082 | D:2      | Found a bloodstained altar of Trog.
  2471 | D:3      | Reached skill level 9 in Long Blades
  2539 | D:3      | Reached XP level 7. HP: 24/57 MP: 6/6
  3290 | D:3      | Cast into level 1 of the Abyss (kobold)
  3358 | Abyss:1  | Noticed a starcursed mass
  3375 | Abyss:1  | Killed a starcursed mass
  3375 | Abyss:1  | Reached skill level 10 in Long Blades
  3377 | Abyss:1  | Killed from afar by a starcursed mass

Illustrated notes

Levels and vault maps discovered:
D:1:      scummos_arrival_gate, layout_basic, kennysheep_pointless_box,
          st_stairs_4
D:2:      layout_loops_corners, lightli_temple_of_fire, first_ration,
          hangedman_decor_push, uniq_sigmund
D:3:      layout_loops_ring, kennysheep_generic_room_11
Abyss:1:  base:
D:3

Skill      XL: |  1  2  3  4  5  6  7 |
---------------+----------------------+-----
Long Blades    | 4 5 6 8 9 10 | 10.1
Fighting       | |  3.6
Armour         | |  2.4
Dodging        | |  2.1

Action                   |  1- 3 |  4- 6 |  7- 9 || total
-------------------------+-------+-------+-------++-------
Melee: Falchion          |    39 |   112 |    69 ||   220
       Headbutt          |     6 |    15 |    10 ||    31
Invok: Berserk           |       |     2 |     1 ||     3
  Use: Scroll            |     3 |     1 |     1 ||     5
       Potion            |     5 |     5 |     1 ||    11
  Eat: Chunk             |       |     7 |     2 ||     9
Armor: Animal skin       |     1 |       |       ||     1
       Chain mail        |    12 |    47 |    19 ||    78
Dodge: Dodged            |    19 |    41 |    19 ||    79
       Rpst.: Falchion   |     7 |    14 |     3 ||    24
